 Dungeon Crawl Stone Soup version 0.27-a0-1301-g128193abf8 (webtiles) character file.

Game seed: 5965597142931799

156 Delamore the Poker (level 5, -1/43 HPs)
             Began as a Formicid Fighter on June 16, 2021.
             Succumbed to an orc wizard's poison
             ... on level 4 of the Dungeon.
             The game lasted 00:02:50 (2605 turns).

Delamore the Poker (Formicid Fighter)               Turns: 2605, Time: 00:02:51

Health: -1/43      AC:  9    Str: 22    XL:     5   Next: 64%
Magic:  5/5        EV:  6    Int:  7    God:
Gold:   142        SH:  9    Dex: 10    Spells: 4/4 levels left

rFire    . . .     SeeInvis +   k - +2 whip (venom)
rCold    . . .     Faith    .   c - +0 kite shield
rNeg     . . .     Spirit   .   h - +0 chain mail
rPois    .         Reflect  .   (helmet unavailable)
rElec    .         Harm     .   (no cloak)
rCorr    .         Rampage  .   (no gloves)
Will     .....                  (no boots)
Stlth    ..........             (no amulet)
HPRegen  0.14/turn              (no ring)
MPRegen  0.09/turn              (no ring)

@: lethally poisoned (-1 -> -19)
A: permanent stasis, dig shafts and tunnels, antennae 3, four strong arms
a: Dig, Shaft Self


You were on level 4 of the Dungeon.
You visited 1 branch of the dungeon, and saw 4 of its levels.

You collected 142 gold pieces.

Inventory:

Hand Weapons
 a - a +0 trident
 k - a +2 whip of venom (weapon)
Armour
 b - a +0 scale mail
 c - a +0 kite shield (worn)
 h - a +0 chain mail (worn)
Scrolls
 f - a scroll of magic mapping
 g - a scroll of amnesia
Potions
 d - 2 potions of might
 i - a potion of flight


   Skills:
 + Level 4.5 Fighting
 * Level 4.5 Polearms
 - Level 3.2 Armour
 - Level 3.6 Shields


You had 4 spell levels left.
You didn't know any spells.
Your spell library was empty.

Dungeon Overview and Level Annotations

Branches:
Dungeon (4/15)
 Temple: D:4-7

Altars:
Qazlal


Innate Abilities, Weirdness & Mutations

You cannot be hasted, slowed, berserked, paralysed or teleported.
You can dig through walls and to a lower floor.
You have a pair of large antennae on your head. (SInv)
Your four strong arms can wield two-handed weapons with a shield.


Message History

You are more poisoned.
You closely miss the orc wizard.
You feel very sick.
The orc wizard hits you but does no damage.
You are lethally poisoned!
You are too injured to fight recklessly!
You are too injured to fight recklessly!
You are too injured to fight recklessly!
You are too injured to fight recklessly!
You are too injured to fight recklessly!
You are too injured to fight recklessly!
You are too injured to fight recklessly!
You are too injured to fight recklessly!
You are too injured to fight recklessly!
You are too injured to fight recklessly!
You are too injured to fight recklessly!
You are too injured to fight recklessly!
You are too injured to fight recklessly!
You are too injured to fight recklessly!
You are too injured to fight recklessly!
You hit the orc wizard.
The orc wizard is poisoned.
The orc wizard is lightly wounded.
You feel very sick. You block the orc wizard's attack.
You hit the orc wizard.
The orc wizard is heavily wounded.
* * * LOW HITPOINT WARNING * * *
You feel very sick.
The orc wizard hits you but does no damage.
You are more poisoned.
You block the orc wizard's attack.
You hit the orc wizard.
The orc wizard is almost dead.
* * * LOW HITPOINT WARNING * * *
You feel extremely sick.
The orc wizard hits you with a +0 dagger of venom.
* * * LOW HITPOINT WARNING * * *
It was a potion of haste.
Your stasis prevents you from being hasted.
You die...

## #.# ##
###..##..#
###...<....#
##@#<.......#
#o##..#.....
####{##.# ....
##..#....#.....
.#..............
............##..
......g........
.#....o$.......#
...............#


You could see an orc wizard (very poisoned).

Vanquished Creatures
  An orc priest (D:4)
  An iguana (D:2)
  3 gnolls (D:3)
  2 worms
  A dart slug (D:1)
  3 orcs
  3 ball pythons
  8 endoplasms
  4 giant cockroaches
  8 goblins
  7 hobgoblins
  A quokka (D:2)
  2 bats (D:1)
  A frilled lizard (D:2)
  4 kobolds
  8 rats
57 creatures vanquished.

Notes
Turn   | Place    | Note
-------+----------+-------------------------------------------
     0 | D:1      | Delamore the Formicid Fighter began the quest for the Orb.
     0 | D:1      | Reached XP level 1. HP: 18/18 MP: 1/1
   200 | D:1      | Reached XP level 2. HP: 24/24 MP: 2/2
   645 | D:1      | You fall into a shaft and drop 1 floor!
   652 | D:2      | Reached XP level 3. HP: 30/30 MP: 3/3
  1274 | D:2      | Reached XP level 4. HP: 37/37 MP: 4/4
  1749 | D:3      | Found a stormy altar of Qazlal.
  1954 | D:3      | Reached XP level 5. HP: 39/42 MP: 5/5
  2145 | D:3      | Found a faded altar of an unknown god.
  2605 | D:4      | Succumbed to an orc wizard's poison

Illustrated notes

Levels and vault maps discovered:
D:1:      erik_arrival_cave_to_civilisation [erik_arrival_cave_to_hall],
          layout_basic, st_stairs_8, bh_walls_and_bars
D:2:      layout_basic, grunt_ministairs_13
D:3:      layout_basic, nicolae_qazlal_general_emergency,
          shapermc_ecumenical_altar_mp_highgroup, palyth_stone_intersect,
          kennysheep_generic_room_5
D:4:      layout_cave_pools, okawaru_trees_1, minmay_temple_entry_glass,
          kennysheep_big_empty_room, uniq_grinder

Skill      XL: |  1  2  3  4 |
---------------+-------------+-----
Polearms       | 3 4 |  4.5
Fighting       | 4 |  4.5
Armour         | |  3.2
Shields        | |  3.6

Action                   |  1- 3 |  4- 6 || total
-------------------------+-------+-------++-------
Melee: Trident           |    61 |    42 ||   103
       Whip              |       |    79 ||    79
 Abil: Dig               |     3 |     5 ||     8
  Use: Scroll            |     2 |     1 ||     3
       Potion            |       |     1 ||     1
Armor: Scale mail        |    16 |       ||    16
       Chain mail        |     5 |    36 ||    41
Dodge: Dodged            |    12 |    18 ||    30
Block: Kite shield       |    15 |    50 ||    65

Table legend: (Time is in decaauts)
 A = Elapsed time spent in this place.
 B = Non-inter-level travel time spent in this place.
 C = Inter-level travel time spent in this place.
 D = Time resting spent in this place.
 E = Time spent auto-exploring this place.
 F = Levels seen in this place.
 G = Mean time per level.
                   A        B        C        D        E       F      G
               +--------+--------+--------+--------+--------+-----+--------+
         Total |   2660 |   2507 |    153 |      0 |   2090 |   4 |  665.0 |
       Dungeon |   2660 |   2507 |    153 |      0 |   2090 |   4 |  665.0 |
               +--------+--------+--------+--------+--------+-----+--------+

Top non-repeatable levels by time:
     D:1: 1098 daAuts
     D:3: 849 daAuts
     D:2: 671 daAuts
     D:4: 41 daAuts
